 Dungeon Crawl Stone Soup version 0.27-a0-1196-g3e9cee4cb2 (webtiles) character file.

Game seed: 14172392126602666302

53 freelancePsychic the Sneak (level 3, -8/26 HPs)
             Began as an Octopode Delver on May 28, 2021.
             Mangled by a kobold brigand
             ... wielding a +0 whip
              (9 damage)
             ... in a sewer.
             The game lasted 00:04:23 (808 turns).

freelancePsychic the Sneak (Octopode Delver)         Turns: 808, Time: 00:04:24

Health: -8/26      AC:  1    Str: 11    XL:     3   Next: 89%
Magic:  3/3        EV: 13    Int: 13    God:
Gold:   16         SH:  0    Dex: 13    Spells: 2/2 levels left

rFire    . . .     SeeInvis .   a - +0 short sword
rCold    . . .     Faith    .   (no shield)
rNeg     . . .     Spirit   .   (helmet restricted)
rPois    .         Reflect  .   (no amulet)
rElec    .         Harm     .   (no ring)
rCorr    .         Rampage  .   (no ring)
Will     .....                  (no ring)
Stlth    +++++.....             (no ring)
HPRegen  0.08/turn              (no ring)
MPRegen  0.08/turn              (no ring)
                                (no ring)
                                (no ring)

@: lethally poisoned (-8 -> -10)
A: almost no armour, amphibious, 8 rings, camouflage 1, gelatinous body 1,
nimble swimmer 1, tentacles
a: no special abilities


You were in a sewer.
You visited 1 branch of the dungeon, and saw 1 of its levels.
You also visited: Sewer.

You collected 16 gold pieces.

Inventory:

Hand Weapons
 a - a +0 short sword (weapon)
Wands
 f - a wand of digging (2)
Scrolls
 d - a scroll of fear
Potions
 e - a potion of haste {@q3}


   Skills:
 + Level 3.6 Fighting
 + Level 2.8 Short Blades
 - Level 2.0 Dodging
 + Level 7.2 Stealth


You had 2 spell levels left.
You didn't know any spells.
Your spell library contained the following spells:

 Spells                   Type           Power      Damage    Failure   Level
 Animate Skeleton         Necr           0%         N/A       30%         1
 Pain                     Necr           0%         1d4       30%         1
 Vampiric Draining        Necr           0%         2d6       67%         3
 Animate Dead             Necr           0%         N/A       97%         4
 Agony                    Necr           0%         N/A       100%        5


Dungeon Overview and Level Annotations

Branches:
Dungeon (5/15)              Sewer (1/1)
 Temple: D:4-7

Altars:


Innate Abilities, Weirdness & Mutations

You cannot wear most types of armour.
You are amphibious.
You can wear up to eight rings at the same time.
Your skin changes colour to match your surroundings (Stealth+).
Your rubbery body absorbs attacks. (AC +1, EV +1)
You are camouflaged near water. (Stealth+)
You have tentacles for arms and can constrict up to eight enemies at once.


Message History

No target in view!
You start resting.
A kobold brigand is nearby!
A shadow imp comes into view.
Press: ? - help, v - describe, . - travel
Here: a kobold brigand, wielding a +2 whip of venom and quivering poisoned darts (wandering, hasn't noticed you)
The floor.
Unknown command.
The kobold brigand throws a poisoned dart.
The poisoned dart hits you!
You are poisoned.
A kobold comes into view. It is wielding a +0 falchion.
You feel very sick. The ufetubus closely misses you. The ufetubus hits you.
The kobold brigand hits you with a +0 whip.
The ufetubus misses you. The ufetubus completely misses you.
The kobold moves out of view.
You hit the kobold brigand but do no damage.
Your grab misses the kobold brigand.
You feel sick. The kobold brigand barely misses you.
The ufetubus closely misses you. x2
You barely miss the kobold brigand. You grab the kobold brigand.
You constrict the kobold brigand.
You feel sick. The ufetubus closely misses you. The ufetubus hits you.
The kobold brigand barely misses you. The ufetubus hits you.
The ufetubus misses you.
You hit the kobold brigand but do no damage.
You squeeze the kobold brigand.
The kobold brigand is lightly wounded.
You constrict the kobold brigand.
You feel sick.
The kobold brigand completely misses you.
The ufetubus hits you.
* * * LOW HITPOINT WARNING * * *
The ufetubus completely misses you.
You barely miss the kobold brigand. You squeeze the kobold brigand.
The kobold brigand is moderately wounded.
You constrict the kobold brigand.
* * * LOW HITPOINT WARNING * * *
You feel sick. The ufetubus closely misses you. x2
The kobold brigand hits you with a +0 whip!
You die...

#≈..#§≈≈≈≈≈≈≈≈≈≈≈≈K.#..≈
#≈≈.#≈≈≈≈≈≈≈≈≈≈≈≈≈≈.#).≈
#≈≈.#≈≈≈≈≈≈≈≈≈≈≈≈...#.≈≈
#≈≈.#≈≈≈≈)≈≈≈≈≈≈≈...#.≈≈
#≈≈.####≈#≈≈###≈#.####.#
#≈≈.#.............≈≈#...
#≈≈..............≈≈≈≈...
#≈≈.#..5K.........≈≈#...
##≈####@##≈##≈###.####)#
#)≈≈≈≈≈≈≈≈≈≈≈≈≈≈≈...#..≈
#.≈≈≈≈≈≈≈≈≈≈≈≈≈≈≈≈.5#.≈≈
#≈≈≈≈≈≈≈≈≈≈≈≈≈≈≈≈≈≈.#.≈≈
#≈≈≈≈≈≈≈≈≈≈≈≈≈≈≈≈≈≈.#.≈≈
#≈≈≈≈≈≈≈≈≈≈≈≈≈≈≈≈≈≈K#.≈≈
#≈≈≈≈≈≈≈≈≈≈≈≈≈≈≈≈≈≈.)..≈
########################


You could see a kobold brigand and an ufetubus.

Vanquished Creatures
  2 adders (D:5)
  2 shadow imps (Sewer)
  An ufetubus (Sewer)
  A giant cockroach (Sewer)
  13 kobolds (Sewer)
19 creatures vanquished.

Vanquished Creatures (others)
  2 endoplasms (Sewer)
  2 kobold zombies (Sewer)
4 creatures vanquished.

Grand Total: 23 creatures vanquished

Notes
Turn   | Place    | Note
-------+----------+-------------------------------------------
     0 | D:5      | freelancePsychic the Octopode Delver began the quest for
                  | the Orb.
     0 | D:5      | Reached XP level 1. HP: 16/16 MP: 1/1
    28 | D:5      | Reached XP level 2. HP: 21/21 MP: 2/2
    97 | D:5      | Found a glowing drain.
   110 | Sewer    | Entered a sewer
   118 | Sewer    | Reached skill level 7 in Stealth
   159 | Sewer    | Reached XP level 3. HP: 26/26 MP: 3/3
   575 | Sewer    | Found a burning altar of Makhleb.
   575 | Sewer    | Noticed a kobold brigand
   678 | Sewer    | Noticed a kobold brigand
   808 | Sewer    | HP: 1/26 [poisoned by a kobold brigand]
   808 | Sewer    | Mangled by a kobold brigand

Illustrated notes

Levels and vault maps discovered:
D:5:      layout_loops_corners, portal_sewer_entry_d, minmay_misc_feat_tower,
          hangedman_abyss_or_decor_passed, minmay_fountain_box
Sewer:    kennysheep_sewer_church

Skill      XL: |  1  2 |
---------------+-------+-----
Stealth        | 7 |  7.2
Fighting       | |  3.6
Short Blades   | |  2.8
Dodging        | |  2.0

Action                   || total
-------------------------++-------
Melee: Short sword       ||    38
       Constrict         ||     8
       Tentacles         ||     6
Evoke: Wand              ||     1
  Use: Scroll            ||     2
       Potion            ||     1
 Stab: Sleeping          ||     9
Armor: Skin              ||     1
Dodge: Dodged            ||    31

Table legend: (Time is in decaauts)
 A = Elapsed time spent in this place.
 B = Non-inter-level travel time spent in this place.
 C = Inter-level travel time spent in this place.
 D = Time resting spent in this place.
 E = Time spent auto-exploring this place.
 F = Levels seen in this place.
 G = Mean time per level.
                   A        B        C        D        E       F      G
               +--------+--------+--------+--------+--------+-----+--------+
         Total |    807 |    807 |      0 |    455 |     25 |   2 |  403.5 |
       Dungeon |    110 |    110 |      0 |      0 |      0 |   1 |  110.0 |
         Sewer |    697 |    697 |      0 |    455 |     25 |   1 |  697.0 |
               +--------+--------+--------+--------+--------+-----+--------+

Top non-repeatable levels by time:
   Sewer: 697 daAuts
     D:5: 110 daAuts
